 Dungeon Crawl Stone Soup version 0.28.0 (webtiles) character file.

Game seed: 896637532430932700

92 Jerry the Chucker (level 4, -4/44 HPs)
             Began as a Troll Hunter on Feb 9, 2022.
             Killed from afar by Natasha (5 damage)
             ... with a magic dart
             ... on level 2 of the Dungeon.
             The game lasted 00:04:44 (1123 turns).

Jerry the Chucker (Troll Hunter)                    Turns: 1123, Time: 00:04:45

Health: -4/44      AC:  4    Str: 22    XL:     4   Next: 35%
Magic:  3/3        EV: 10    Int:  7    God:
Gold:   62         SH:  0    Dex: 10    Spells: 3/3 levels left

rFire   . . .      SeeInvis .   f - +0 mace
rCold   . . .      Faith    .   (no shield)
rNeg    . . .      Spirit   .   b - +0 robe
rPois   .          Reflect  .   (helmet restricted)
rElec   .          Harm     .   (no cloak)
rCorr   .          Rampage  .   (gloves unavailable)
Will    .....                   (boots unavailable)
Stlth   +.........              (no amulet)
HPRegen 0.94/turn               (no ring)
MPRegen 0.08/turn               (no ring)

@: slowed, very slow
A: large, unfitting armour, claws 3, regeneration 1, shaggy fur 1, tough skin 1
a: no special abilities


You were on level 2 of the Dungeon.
You visited 1 branch of the dungeon, and saw 2 of its levels.

You collected 62 gold pieces.

Inventory:

Hand Weapons
 a - a +0 short sword
 e - a +0 club
 f - a +0 mace (weapon)
Missiles
 c - 5 large rocks (quivered)
 d - 2 throwing nets
Armour
 b - a +0 robe (worn)
Scrolls
 h - a scroll of vulnerability {unknown}
 i - a scroll of acquirement {unknown}
 j - a scroll of identify {unknown}
Potions
 g - a potion of heal wounds {unknown}


   Skills:
 + Level 2.3 Fighting
 + Level 1.4 Maces & Flails
 + Level 4.1 Throwing
 + Level 2.3 Dodging
 - Level 0.3 Stealth


You had 3 spell levels left.
You didn't know any spells.
Your spell library was empty.

Dungeon Overview and Level Annotations

Branches:
Dungeon (2/15)

Altars:

Shops:
D:1 !

Annotations:
D:2 Natasha


Innate Abilities, Weirdness & Mutations

You are too large for most types of armour.
You have claws for hands.
Your natural rate of healing is unusually fast.
You are covered in fur. (AC +1)
You have tough skin. (AC +1)


Message History

You barely miss Natasha.
Natasha is almost dead.
Natasha claws you.
The crimson imp picks up a beetle and eats it.
The white imp barely misses you.
Natasha stares at you and mumbles some strange words.
The magic dart hits you!
The white imp hits you but does no damage.
The crimson imp blinks!
You miss Natasha.
Natasha is almost dead.
Natasha claws you but does no damage. x2
You closely miss Natasha.
Natasha is almost dead.
Natasha mumbles some strange words.
The white imp gestures at you. The puff of frost hits you!
* * * LOW HITPOINT WARNING * * *
The crimson imp hits you but does no damage.
Natasha claws you.
* * * LOW HITPOINT WARNING * * *
The white imp closely misses you. The crimson imp hits you.
* * * LOW HITPOINT WARNING * * *
Natasha claws you but does no damage.
You barely miss Natasha.
Natasha is almost dead.
The white imp laughs crazily.
The white imp gestures at you. The puff of frost hits you.
* * * LOW HITPOINT WARNING * * *
The crimson imp hits you.
* * * LOW HITPOINT WARNING * * *
The white imp puffs mist at you. Natasha claws you.
* * * LOW HITPOINT WARNING * * *
The white imp gestures at you. The puff of frost misses you.
The crimson imp hits you.
* * * LOW HITPOINT WARNING * * *
Natasha casts a spell at you. The magic dart hits you.
You die...

#.##.##...#....<......##..
..##...........#.>.....#.#
#.######............####.#
#.. .............# #..
#............# #..
#.......#...## #..
######.5##.####.## #.#
$.....5h5..####.# #..
.......@........# #..
...............(.# #..
#######.########.# #.. #.#
#.# #.# #.# #.# #.# #.#
#># #.# #.###### #.# #.
#......###.#####
#....<.........#


You could see Natasha, a crimson imp (summoned) and 2 white imps.

Vanquished Creatures
  Natasha (D:2)
  3 adders (D:2)
  2 worms (D:2)
  A dart slug (D:2)
  5 ball pythons
  4 bats (D:1)
  2 endoplasms
  2 giant cockroaches (D:2)
  3 goblins (D:1)
  3 hobgoblins
  A quokka (D:1)
  A frilled lizard (D:2)
  3 kobolds
  A rat (D:2)
32 creatures vanquished.

Notes
Turn   | Place    | Note
-------+----------+-------------------------------------------
     0 | D:1      | Jerry the Troll Hunter began the quest for the Orb.
     0 | D:1      | Reached XP level 1. HP: 19/19 MP: 0/0
   170 | D:1      | Found Gidukauc's Distillery.
   181 | D:1      | Reached XP level 2. HP: 19/28 MP: 1/1
   242 | D:1      | Found a faded altar of an unknown god.
   818 | D:2      | Noticed Natasha
   824 | D:2      | Noticed a crimson imp
   826 | D:2      | Killed Natasha
   827 | D:2      | Reached skill level 1 in Maces & Flails
   827 | D:2      | Reached skill level 4 in Throwing
   827 | D:2      | Reached XP level 3. HP: 16/35 MP: 2/2
   917 | D:2      | Reached XP level 4. HP: 37/42 MP: 3/3
  1104 | D:2      | Noticed Natasha
  1123 | D:2      | HP: 2/44 [Natasha (1)]
  1123 | D:2      | Killed from afar by Natasha

Illustrated notes

Levels and vault maps discovered:
D:1:      lemuel_arrival_room, layout_basic,
          hellmonk_ecumenical_altar_crossroads, serial_shops, shop
D:2:      minmay_recursive_quarters, layout_loops_ring, grunt_ministairs_14,
          corexii_hall_statues_i, kennysheep_generic_room_5, uniq_natasha

Skill      XL: |  1  2 |
---------------+-------+-----
Fighting       | 2 |  2.3
Dodging        | 2 |  2.3
Maces & Flails | 1 |  1.4
Throwing       | 4 |  4.1
Stealth        | |  0.3

Action                   |  1- 3 |  4- 6 || total
-------------------------+-------+-------++-------
Melee: Short sword       |    22 |       ||    22
       Club              |    15 |       ||    15
       Punch             |     2 |       ||     2
       Mace              |    70 |    40 ||   110
 Stab: Sleeping          |     1 |       ||     1
Armor: Robe              |    45 |    22 ||    67
Dodge: Dodged            |    66 |    21 ||    87
